AoeStats
← Chlupinek

African Clearing

506457635Analyzed
4v4 RM · 17d ago on Sep 13, 2026· 54m 21s· 8 players
Game mode
Random Map
Map size
Large (8 player)
Population
200
Speed
Normal
Resources
Standard
Victory
Conquest
Starting age
Dark Age
Ending age
Imperial Age
RankedLock teamsTeams togetherTeam positionsShared explorationLock speedFull tech treeHidden civsTurbo modeCheats
Victory
Defeat
🇦🇷 Bengalis · Argentina
1728
+13
🇦🇷 Tatars · Argentina
1681
+15
🇨🇿 Malians · Czechia
1659
+16
🇧🇷 Ethiopians · Brazil
1586
+19
🇨🇳 Lithuanians · China
1833
-23
🇨🇳 Spanish · China
1631
-15
🇨🇳 Khitans · China
1606
-14
1534
-11
BiliBili风间
11:35 Loom
13:45 Feudal Age
15:03 Town Watch
18:20 Castle Age
17:36 Double-Bit Axe
23:39 Padded Archer Armor
Hayasaka ai
4:08 Loom
13:16 Feudal Age
14:57 Double-Bit Axe
16:49 Fletching
18:02 Fletching
20:46 Wheelbarrow
24:05 Padded Archer Armor
24:06 Stone Mining
24:33 Gold Mining
27:01 Town Watch
33:20 Castle Age
33:44 Forging
33:33 Light Cavalry
35:13 Husbandry
35:47 Domestication
46:10 Bodkin Arrow
晰灵
10:10 Loom
10:16 Loom
13:19 Feudal Age
14:04 Double-Bit Axe
16:54 Castle Age
16:35 Forging
16:58 Light Cavalry
24:00 Wheelbarrow
26:45 Bow Saw
28:02 Hand Cart
30:56 Fletching
31:43 Hill Forts
32:38 Town Watch
37:44 Imperial Age
35:49 Scale Barding Armor
36:01 Bloodlines
35:52 Husbandry
35:59 Husbandry
35:53 Horse Collar
37:35 Chain Barding Armor
38:13 Fervor
38:58 Iron Casting
37:53 Cavalier
39:15 Plate Barding Armor
39:50 Paladin
40:58 Conscription
51:43 Bodkin Arrow
51:48 Padded Archer Armor
52:27 Iron Casting
53:28 Chemistry
53:06 Murder Holes
DZT_最菜又浪还犟
3:25 Loom
13:41 Feudal Age
17:21 Castle Age
19:53 Double-Bit Axe
20:16 Fletching
21:02 Bow Saw
22:29 Gold Mining
25:15 Bodkin Arrow
Mati
5:40 Loom
12:01 Feudal Age
16:29 Castle Age
14:54 Double-Bit Axe
17:28 Town Watch
19:32 Horse Collar
Chlupinek
9:26 Loom
11:50 Feudal Age
16:32 Castle Age
15:58 Double-Bit Axe
15:59 Horse Collar
28:19 Scale Mail Armor
31:28 Forging
35:16 Iron Casting
36:40 Heavy Plow
38:16 Wheelbarrow
42:19 Imperial Age
40:07 Hand Cart
40:07 Hand Cart
40:19 Scale Barding Armor
40:33 Bow Saw
40:57 Town Watch
41:40 Chain Barding Armor
41:23 Fletching
42:12 Bloodlines
42:22 Husbandry
42:47 Bodkin Arrow
42:22 Heavy Camel Rider
43:13 Gold Mining
44:33 Plate Barding Armor
46:04 Conscription
49:52 Gold Shaft Mining
50:24 Town Patrol
51:21 Farimba
54:41 Crop Rotation
_warDian_
3:03 Loom
12:05 Feudal Age
12:54 Double-Bit Axe
15:26 Horse Collar
22:13 Castle Age
23:09 Fletching
23:34 Bow Saw
23:48 Bodkin Arrow
27:22 Ballistics
28:55 Padded Archer Armor
30:48 Town Watch
31:59 Leather Archer Armor
32:00 Bloodlines
33:27 Wheelbarrow
33:46 Husbandry
38:02 Hand Cart
37:38 Gold Mining
38:41 Scale Mail Armor
38:51 Forging
38:43 Squires
38:03 Pikeman
39:50 Chain Mail Armor
42:39 Imperial Age
43:16 Iron Casting
43:06 Halberdier
46:19 Two-Man Saw
46:33 Scale Barding Armor
47:29 Blast Furnace
46:42 Paiks
46:58 Conscription
47:05 Town Patrol
47:06 Heavy Plow
48:33 Elite Battle Elephant
49:58 Chain Barding Armor
50:28 Bracer
52:15 Plate Barding Armor
Dakar1
9:39 Loom
12:24 Feudal Age
12:59 Double-Bit Axe
15:40 Fletching
23:48 Castle Age
24:30 Bodkin Arrow
23:57 Crossbowman
24:48 Scale Mail Armor
24:49 Padded Archer Armor
34:47 Herbal Medicine
50:46 Wheelbarrow
54:05 Bow Saw
Connection lost

Rejoining the realm…

Still unreachable

The connection could not be restored.

Session expired

The server has moved on; the page needs a fresh start.